 Dungeon Crawl Stone Soup version 0.28-a0-1518-gbe868bca14 (webtiles) character file.

Game seed: 185470969682745094

16 Mychaelh the Covered (level 2, 24/24 HPs)
             Began as a Human Fighter on Jan 17, 2022.
             Got out of the dungeon alive.
             The game lasted 00:18:34 (762 turns).

Mychaelh the Covered (Human Fighter)                 Turns: 762, Time: 00:18:35

Health: 24/24      AC:  6    Str: 16    XL:     2   Next: 75%
Magic:  2/2        EV:  8    Int:  8    God:
Gold:   28         SH:  4    Dex: 12    Spells: 1/1 levels left

rFire   . . .      SeeInvis .   a - +0 long sword
rCold   . . .      Faith    .   c - +0 buckler
rNeg    . . .      Spirit   .   b - +0 scale mail
rPois   .          Reflect  .   (no helmet)
rElec   .          Harm     .   (no cloak)
rCorr   .          Rampage  .   (no gloves)
Will    .....                   (no boots)
Stlth   ..........              (no amulet)
HPRegen 0.08/turn               (no ring)
MPRegen 0.08/turn               (no ring)

@: no status effects
A: no striking features
a: no special abilities


You escaped.
You visited 1 branch of the dungeon, and saw 1 of its levels.

You collected 28 gold pieces.

Inventory:

Hand Weapons
 a - a +0 long sword (weapon)
 f - a +0 dagger
Armour
 b - a +0 scale mail (worn)
 c - a +0 buckler (worn)
Potions
 d - a potion of might
 e - a potion of lignification {unknown}


   Skills:
 + Level 3.2 Fighting
 + Level 2.2 Long Blades
 + Level 3.2 Armour
 + Level 3.2 Shields


You had one spell level left.
You didn't know any spells.
Your spell library was empty.

Dungeon Overview and Level Annotations

Branches:
Dungeon (1/15)

Altars:


Message History

A dart slug comes into view.
A hobgoblin comes into view.
The hobgoblin shouts!
Press: ? - help, v - describe, . - travel
Here: a dart slug The floor.
The hobgoblin hits you but does no damage.
You slash the hobgoblin!
You kill the hobgoblin!
The dart slug launches a dart at you.
The slug dart hits you but does no damage.
You see here a hobgoblin corpse.
You hit the dart slug.
The dart slug is lightly wounded.
You block the dart slug's attack.
You slash the dart slug!
The dart slug is almost dead.
The dart slug bites you but does no damage.
You hit the dart slug.
You kill the dart slug!
Found a stone staircase leading down.
You see here 26 bolts.
You see here 26 bolts.
An endoplasm comes into view.
The endoplasm quivers.
The endoplasm hits you.
You slash the endoplasm!
You kill the endoplasm!
Found a stone staircase leading down.
Found a ring mail.
You see here a frilled lizard skeleton.
You see here a +0 buckler.
You enter the shallow water.
Moving in this stuff is going to be slow.
There is a staircase leading out of the dungeon here.
You can't go down here!
Are you sure you want to leave the Dungeon?
This will make you lose the game!
Uppercase [Y]es or [N]o only, please.
Are you sure you want to leave the Dungeon?
This will make you lose the game!
You have escaped!

#.####......#.#........
#.#...........#.#######
#......................
#######.################
≈§≈≈≈≈§.≈≈≈≈≈≈≈#
§§≈≈≈§§...≈§≈≈≈#
≈§....≈≈≈....≈≈#
≈...≈≈≈.≈≈≈...≈###
≈..≈≈..@.≈≈≈.....#######
≈§§.≈≈≈.≈≈≈...≈#........
§≈§...≈≈≈....≈§#########
§§§§§§§§§.≈≈≈≈≈#
§§§≈§§§≈≈≈≈§≈≈≈#
########################
#...................
####################


There were no monsters in sight!

Vanquished Creatures
  2 dart slugs (D:1)
  3 endoplasms (D:1)
  2 hobgoblins (D:1)
  A kobold (D:1)
  2 frilled lizards (D:1)
  2 rats (D:1)
12 creatures vanquished.

Notes
Turn   | Place    | Note
-------+----------+-------------------------------------------
     0 | D:1      | Mychaelh the Human Fighter began the quest for the Orb.
     0 | D:1      | Reached XP level 1. HP: 18/18 MP: 1/1
   259 | D:1      | Reached XP level 2. HP: 24/24 MP: 2/2
   762 | D:$      | Got out of the dungeon alive.

Illustrated notes

Levels and vault maps discovered:
D:1:      dpeg_arrival_shrine, layout_basic

Action                   || total
-------------------------++-------
Melee: Long sword        ||    27
Armor: Scale mail        ||     8
Dodge: Dodged            ||     4
Block: Buckler           ||     2

Table legend: (Time is in decaauts)
 A = Elapsed time spent in this place.
 B = Non-inter-level travel time spent in this place.
 C = Inter-level travel time spent in this place.
 D = Time resting spent in this place.
 E = Time spent auto-exploring this place.
 F = Levels seen in this place.
 G = Mean time per level.
                   A        B        C        D        E       F      G
               +--------+--------+--------+--------+--------+-----+--------+
         Total |    776 |    776 |      0 |    101 |      0 |   1 |  776.0 |
       Dungeon |    776 |    776 |      0 |    101 |      0 |   1 |  776.0 |
               +--------+--------+--------+--------+--------+-----+--------+

Top non-repeatable levels by time:
     D:1: 776 daAuts
